 Dungeon Crawl Stone Soup version 0.30.1-11-g7821555f0a (webtiles) character file.

Game seed: 1963938475803715739

235 lonewolfV2 the Chopper (level 6, -7/50 HPs)
             Began as a Formicid Fighter on Nov 15, 2023.
             Mangled by a gnoll
             ... wielding a +0 halberd
              (12 damage)
             ... on level 3 of the Dungeon.
             The game lasted 00:04:28 (2535 turns).

lonewolfV2 the Chopper (Formicid Fighter)           Turns: 2535, Time: 00:04:28

Health: -7/50      AC:  6    Str: 23    XL:     6   Next: 26%
Magic:  6/6        EV:  9    Int:  7    God:
Gold:   81         SH:  5    Dex: 13    Spells: 5/5 levels left

rFire   . . .        a - +1 war axe
rCold   . . .        c - +0 buckler
rNeg    . . .        b - +0 scale mail
rPois   .            (helmet unavailable)
rElec   .            (no cloak)
rCorr   .            (no gloves)
SInv    +            (no boots)
Will    .....        (no amulet) Stlth
                     (no ring)
HPRegen 0.28/turn    (no ring)
MPRegen 0.10/turn

%: no passive effects
@: mighty
A: permanent stasis, dig shafts and tunnels, antennae 3, four strong arms
a: Dig, Shaft Self


You were on level 3 of the Dungeon.
You visited 1 branch of the dungeon, and saw 3 of its levels.

You collected 81 gold pieces.

Inventory:

Hand Weapons
 a - a +1 war axe (weapon)
Armour
 b - a +0 scale mail (worn)
 c - a +0 buckler (worn)
Jewellery
 k - an amulet of regeneration
Scrolls
 o - a scroll of enchant weapon
Potions
 e - a potion of flight {unknown}
 f - 3 potions of berserk rage
 g - a potion of degeneration {unknown}
 h - a potion of brilliance {unknown}
 i - a potion of heal wounds {unknown}
 j - 2 potions of mutation {unknown}
 l - a potion of lignification {unknown}
 n - a potion of magic {unknown}
 p - a potion of curing {unknown}


   Skills:
 + Level 4.9 Fighting
 * Level 5.1 Axes
 - Level 3.2 Armour
 - Level 4.0 Shields


You had 5 spell levels left.
You didn't know any spells.
Your spell library was empty.

Dungeon Overview and Level Annotations

Branches:
Dungeon (3/15)

Altars:
Gozag


Innate Abilities, Weirdness & Mutations

You cannot be hasted, slowed, berserked, paralysed or teleported.
You can dig through walls and to a lower floor.
You have a pair of large antennae on your head. (SInv)
Your four strong arms can wield two-handed weapons with a shield.


Message History

You block the gnoll's attack. You block the goblin's attack.
You closely miss the goblin. The gnoll hits you but does no damage.
The goblin hits you with a +0 dagger.
You closely miss the goblin. The gnoll closely misses you.
The goblin hits you but does no damage.
You hit the goblin.
The goblin is severely wounded.
The gnoll misses you. The goblin hits you but does no damage.
You closely miss the goblin.
The goblin is severely wounded.
The gnoll hits you from afar with a +0 halberd!
* * * LOW HITPOINT WARNING * * *
The goblin barely misses you. The gnoll closely misses you.
The goblin closely misses you.
You swap places.
The goblin barely misses your orc.
Your orc hits the goblin with a +0 dagger.
The goblin dies!
You swap places.
Your orc dissolves into shadows!
Your orc hits the ball python with a +0 dagger.
The ball python bites your orc. The ball python barely misses your orc.
Your orc dissolves into shadows!
You see here a +0 dagger.
You block the ball python's attack. The ball python closely misses you.
You feel very mighty all of a sudden. The ball python barely misses you.
The ball python grabs you. The ball python constricts you.
The ball python bites you but does no damage.
The ball python constricts you.
* * * LOW HITPOINT WARNING * * *
You barely miss the gnoll. You hit the ball python.
You kill the ball python!
You block the gnoll's attack.
You closely miss the gnoll. The gnoll hits you but does no damage.
The gnoll hits you from afar with a +0 halberd.
* * * LOW HITPOINT WARNING * * *
You hit the gnoll.
The gnoll is heavily wounded.
The gnoll hits you from afar with a +0 halberd!
You die...

#...### ###...._.####
#....###...........######
#....#...######..........
#....### #...#######
.......#)## ##..#
.....#.#.## #..### ....
#.#.g## #....# ###
#.##.)## ###..##### #.
##g@# #..#.... ## ##.#
#....... #..# ##.#..<.
##..# #...... #..#
##....> ...# #..... ...#
#..### ..#######.....
.............


You could see 2 gnolls.

Vanquished Creatures
  Jessica (D:2)
  2 orc wizards (D:3)
  Robin (D:2)
  3 adders (D:2)
  2 gnolls (D:3)
  5 worms
  7 dart slugs
  3 orcs (D:3)
  6 ball pythons
  5 endoplasms
  2 giant cockroaches (D:2)
  15 goblins
  6 hobgoblins
  3 kobolds
  A quokka (D:2)
  5 bats
  3 frilled lizards
  4 rats
74 creatures vanquished.

Vanquished Creatures (collateral kills)
  2 goblins (D:3)
2 creatures vanquished.

Grand Total: 76 creatures vanquished

Notes
Turn   | Place    | Note
-------+----------+-------------------------------------------
     0 | D:1      | lonewolfV2 the Formicid Fighter began the quest for the
                  | Orb.
     0 | D:1      | Reached XP level 1. HP: 18/18 MP: 1/1
    71 | D:1      | Reached XP level 2. HP: 24/24 MP: 2/2
   981 | D:2      | Reached XP level 3. HP: 30/30 MP: 3/3
   997 | D:2      | Reached skill level 3 in Axes
  1257 | D:2      | Reached XP level 4. HP: 37/37 MP: 4/4
  1267 | D:2      | Noticed Jessica
  1272 | D:2      | Killed Jessica
  1372 | D:2      | Reached skill level 4 in Axes
  1375 | D:2      | Noticed Robin
  1382 | D:2      | Reached XP level 5. HP: 26/42 MP: 5/5
  1388 | D:2      | Killed Robin
  2326 | D:3      | Reached XP level 6. HP: 44/49 MP: 6/6
  2359 | D:3      | Found an opulent altar of Gozag.
  2420 | D:3      | Reached skill level 5 in Axes
  2535 | D:3      | Mangled by a gnoll

Illustrated notes

Levels and vault maps discovered:
D:1:      dreamdust_arrival_sigmund_warning, layout_basic
D:2:      layout_loops_ring, minmay_puff, uniq_robin, uniq_jessica
D:3:      layout_rooms, mainiacjoe_overflow_six_doors_small,
          nicolae_gozag_seed_capital

Skill      XL: |  1  2  3  4  5  6 |
---------------+-------------------+-----
Axes           | 3 4 5 |  5.1
Fighting       | 4 |  4.9
Armour         | |  3.2
Shields        | |  4.0

Action                     |  1- 3 |  4- 6 || total
---------------------------+-------+-------++-------
  Melee: War axe           |    79 |   123 ||   202
    Use: Scroll            |     1 |     5 ||     6
         Potion            |       |     1 ||     1
 Armour: Scale mail        |    36 |    47 ||    83
  Dodge: Dodged            |    39 |    57 ||    96
  Block: Buckler           |    21 |    30 ||    51
